 Dungeon Crawl Stone Soup version 0.29-a0-993-g4a18f31a58 (webtiles) character file.

Game seed: 422662404355002519

30 xian the Ogre Mage (level 3, -1/33 HPs)
             Began as an Ogre Hedge Wizard on Aug 2, 2022.
             Slain by a gnoll
             ... wielding a +0 club
             ... led by a gnoll bouda
              (3 damage)
             ... on level 2 of the Dungeon.
             The game lasted 00:04:01 (2122 turns).

xian the Ogre Mage (Ogre Hedge Wizard)              Turns: 2122, Time: 00:04:03

Health: -1/33      AC:  3    Str: 14    XL:     3   Next: 20%
Magic:  3/8        EV:  9    Int: 17    God:
Gold:   98         SH:  0    Dex:  8    Spells: 9/10 levels left

rFire   . . .      SeeInvis .   f - staff of conjuration
rCold   . . .      Faith    .   (no shield)
rNeg    . . .      Spirit   .   b - +0 robe
rPois   .          Reflect  .   c - +0 hat
rElec   .          Harm     .   (no cloak)
rCorr   .          Rampage  .   (gloves unavailable)
Will    .....                   (boots unavailable)
Stlth   +.........              (no amulet)
HPRegen 0.11/turn               (no ring)
MPRegen 0.11/turn               (no ring)

@: lethally poisoned (-1 -> -16), very slightly contaminated
A: large, unfitting armour, tough skin 1
a: no special abilities


You were on level 2 of the Dungeon.
You visited 1 branch of the dungeon, and saw 2 of its levels.

You collected 98 gold pieces.

Inventory:

Hand Weapons
 a - a +0 dagger
Missiles
 i - 2 javelins
Armour
 b - a +0 robe (worn)
 c - a +0 hat (worn)
Magical Staves
 f - a staff of conjuration (weapon)
Jewellery
 j - a ring of protection from cold
Scrolls
 g - a scroll of silence {unknown}
 k - a scroll of identify {unknown}
Potions
 d - a potion of magic
 e - 3 potions of curing {unknown}
 h - a potion of heal wounds {unknown}


   Skills:
 * Level 1.1 Fighting
 + Level 2.2 Dodging
 - Level 1.6 Stealth
 + Level 4.1 Spellcasting
 + Level 1.1 Conjurations
 + Level 0.8 Summonings
 + Level 0.8 Translocations


You had 9 spell levels left.
You knew the following spells:

 Your Spells              Type           Power      Damage    Failure   Level
a - Magic Dart            Conj           44%        1d5       10%         1

Your spell library contained the following spells:

 Spells                   Type           Power      Damage    Failure   Level
 Slow                     Hex            12%        N/A       16%         1
 Blink                    Tloc           12%        N/A       17%         2
 Call Imp                 Summ           6%         N/A       17%         2
 Conjure Flame            Conj/Fire      8%         6-21      36%         3
 Mephitic Cloud           Conj/Pois/Air  7%         N/A       36%         3


Dungeon Overview and Level Annotations

Branches:
Dungeon (2/15)

Altars:


Innate Abilities, Weirdness & Mutations

You are too large for most types of armour.
You have tough skin. (AC +1)


Message History

The gnoll is moderately wounded.
A gnoll comes into view. It is wielding a +2 spear of venom.
You feel a surge of power!
The magic dart hits the gnoll but does no damage.
You feel a surge of power!
The magic dart hits the gnoll.
The gnoll is moderately wounded.
The gnoll throws a throwing net.
The throwing net misses you.
Okay, then.
You feel a surge of power!
You miscast Magic Dart.
You are very lightly contaminated with residual magic.
Nothing appears to happen.
You feel a surge of power!
The magic dart hits the gnoll.
The gnoll is moderately wounded.
The gnoll hits you with a +0 club!
You closely miss the gnoll.
The gnoll is moderately wounded.
The gnoll hits you from afar with a +2 spear of venom!
The gnoll hits you with a +0 club.
The gnoll hits you with a +2 spear of venom.
You are lethally poisoned!
You see here a throwing net.
You closely miss the gnoll.
* * * LOW HITPOINT WARNING * * *
You feel very sick. The gnoll hits you but does no damage.
The gnoll closely misses you.
Unknown command.
You are too injured to fight recklessly!
Aiming: Magic Dart (safe; 10% risk of failure)
Press: ? - help, Q - select action, (/) - cycle Shift-Dir - straight line, f/p - gnoll
Aim: a gnoll, wielding a +0 club (moderately wounded, 100% to hit)
You feel a surge of power!
The magic dart hits the gnoll but does no damage.
The gnoll is moderately wounded.
* * * LOW HITPOINT WARNING * * *
You feel sick.
The gnoll hits you with a +2 spear of venom.
* * * LOW HITPOINT WARNING * * *
You are more poisoned.
The gnoll hits you with a +0 club.
You die...

........^....#
###..........#
#..........#
#..........#
#..........#
#.#####.##
.[##. #.##
#.?...####..##
#...g@.#..##
#...##g....#
.....). #.....#
.........#....#
.........######
.........
........#
..##...#


You could see 2 gnolls.

Vanquished Creatures
  A ball python (D:1)
  3 bats
  3 endoplasms (D:1)
  A giant cockroach (D:1)
  3 goblins
  3 hobgoblins (D:1)
  3 jackals (D:1)
  A quokka (D:1)
  3 frilled lizards
  2 kobolds (D:1)
  3 rats (D:1)
26 creatures vanquished.

Notes
Turn   | Place    | Note
-------+----------+-------------------------------------------
     0 | D:1      | xian the Ogre Hedge Wizard began the quest for the Orb.
     0 | D:1      | Reached XP level 1. HP: 16/16 MP: 5/5
   555 | D:1      | Reached XP level 2. HP: 22/24 MP: 6/6
   917 | D:1      | Reached skill level 1 in Fighting
   955 | D:1      | Reached skill level 4 in Spellcasting
  1232 | D:1      | Reached skill level 1 in Conjurations
  1389 | D:1      | Found a faded altar of an unknown god.
  1639 | D:1      | Reached XP level 3. HP: 33/33 MP: 5/8
  2122 | D:2      | Slain by a gnoll

Illustrated notes

Levels and vault maps discovered:
D:1:      saegor_arrival_simple_e, layout_loops_corners,
          ebering_ecumenical_altar_abandoned, kennysheep_nondescript,
          due_unseen_surprise
D:2:      layout_rooms

Skill      XL: |  1  2 |
---------------+-------+-----
Dodging        | 2 |  2.2
Fighting       | 1 |  1.1
Spellcasting   | 4 |  4.1
Conjurations   | 1 |  1.1
Stealth        | |  1.6
Summonings     | |  0.8
Translocations | |  0.8

Action                   || total
-------------------------++-------
Melee: Dagger            ||    79
       Staff             ||    10
 Cast: Magic Dart        ||    52
Armor: Robe              ||    42
Dodge: Dodged            ||    51

Table legend: (Time is in decaauts)
 A = Elapsed time spent in this place.
 B = Non-inter-level travel time spent in this place.
 C = Inter-level travel time spent in this place.
 D = Time resting spent in this place.
 E = Time spent auto-exploring this place.
 F = Levels seen in this place.
 G = Mean time per level.
                   A        B        C        D        E       F      G
               +--------+--------+--------+--------+--------+-----+--------+
         Total |   2123 |   2094 |     29 |    280 |   1553 |   2 | 1061.5 |
       Dungeon |   2123 |   2094 |     29 |    280 |   1553 |   2 | 1061.5 |
               +--------+--------+--------+--------+--------+-----+--------+

Top non-repeatable levels by time:
     D:1: 1972 daAuts
     D:2: 151 daAuts
